Workbook

Sheet Gesamtwirtschaftsplan
A1: WIRTSCHAFTSPLAN 2026 – GESAMTPLANUNG
A2: WEG Sonnenhof, Musterstraße 12-14, 80331 München | Wirtschaftsjahr: 01.01.2026 - 31.12.2026 | Beschlussfassung gem. § 28 Abs. 1 WEG
A4: Gesamtwirtschaftsplan (Kosten) | E4: Laufende Bewirtschaftung | G4: Zuführung Erhaltungsrücklage | I4: Hausgeld-Vorschuss p. M.
A5: =E39 -> 94428 | E5: =E37 -> 77428 | G5: =E38 -> 17000 | I5: =G39 -> 7869
A6: =(E39-D39)/D39 -> 0.057945684 | E6: =E37/E39 -> 0.81996865 | G6: =E38/E39 -> 0.18003135 | I6: =G39/8 -> 983.625
A8: Pos. | B8: Kostenposition / Bezeichnung | C8: Rechtsgrundlage / Umlagefähigkeit | D8: Ist-Kosten 2024 / Vorjahr | E8: Planwert 2026 gesamt | F8: Abweichung VJ | G8: Monatl. Vorschuss | H8: Verteilungsschlüssel | I8: Gesamtbasis | J8: Kommentar / Erläuterung & Begründung der Kostenansätze
A9: A. UMLAGEFÄHIGE BETRIEBSKOSTEN GEM. § 2 BETRKV (UMLEGBARE BEWIRTSCHAFTUNGSKOSTEN)
A10: 01.01 | B10: Heizung & Warmwasser - Grundkosten (30 %) | C10: § 2 Nr. 4 BetrKV / HeizkostenV | D10: 5800 | E10: 6200 | F10: =(E10-D10)/D10 -> 0.068965517 | G10: =E10/12 -> 516.66667 | H10: Wohnfläche | I10: ='Stammdaten & Schlüssel'!$C$12 -> 700.5 | J10: Witterungsbereinigt + Gaspreisgarantie 2026
A11: 01.02 | B11: Heizung & Warmwasser - Verbrauchskosten (70 %) | C11: § 2 Nr. 4 BetrKV / HeizkostenV | D11: 13400 | E11: 14400 | F11: =(E11-D11)/D11 -> 0.074626866 | G11: =E11/12 -> 1200 | H11: Heizung_Verbr | I11: ='Stammdaten & Schlüssel'!$C$15 -> 7500 | J11: Vorjahresverbrauch zzgl. CO2-Kostenaufteilung
A12: 02 | B12: Kaltwasser & Abwasser / Niederschlagswasser | C12: § 2 Nr. 2 BetrKV | D12: 6500 | E12: 6800 | F12: =(E12-D12)/D12 -> 0.046153846 | G12: =E12/12 -> 566.66667 | H12: Personen | I12: ='Stammdaten & Schlüssel'!$C$14 -> 15 | J12: Anpassung der städtischen Abwassersatzung
A13: 03 | B13: Personenaufzug / Betrieb, Wartung & Notruf | C13: § 2 Nr. 7 BetrKV | D13: 3150 | E13: 3300 | F13: =(E13-D13)/D13 -> 0.047619048 | G13: =E13/12 -> 275 | H13: MEA | I13: ='Stammdaten & Schlüssel'!$C$11 -> 1000 | J13: Wartungsvertrag mit 24/7 Notrufaufschaltung
A14: 04 | B14: Straßenreinigung & Müllbeseitigung (Grund-/Mengengebühr) | C14: § 2 Nr. 8 BetrKV | D14: 4100 | E14: 4300 | F14: =(E14-D14)/D14 -> 0.048780488 | G14: =E14/12 -> 358.33333 | H14: Einheiten | I14: ='Stammdaten & Schlüssel'!$C$13 -> 8 | J14: Kommunale Gebührenerhöhung Müllabfuhr
A15: 05 | B15: Gebäudereinigung & Ungezieferbekämpfung (Treppenhaus) | C15: § 2 Nr. 9 BetrKV | D15: 3600 | E15: 3800 | F15: =(E15-D15)/D15 -> 0.055555556 | G15: =E15/12 -> 316.66667 | H15: Wohnfläche | I15: ='Stammdaten & Schlüssel'!$C$12 -> 700.5 | J15: Wöchentliche Treppenhausreinigung lt. Rahmenvertrag
A16: 06 | B16: Gartenpflege & Außenanlagenpflege / Winterdienst | C16: § 2 Nr. 10 BetrKV | D16: 4500 | E16: 4800 | F16: =(E16-D16)/D16 -> 0.066666667 | G16: =E16/12 -> 400 | H16: MEA | I16: ='Stammdaten & Schlüssel'!$C$11 -> 1000 | J16: Pflege Grünflächen, Heckenschnitt & Schneeräumung
A17: 07 | B17: Allgemeinstrom / Beleuchtung (Treppenhaus, Außen, TG) | C17: § 2 Nr. 11 BetrKV | D17: 2100 | E17: 2250 | F17: =(E17-D17)/D17 -> 0.071428571 | G17: =E17/12 -> 187.5 | H17: MEA | I17: ='Stammdaten & Schlüssel'!$C$11 -> 1000 | J17: Strom für Allgemeinbereiche, Tiefgarage & Heizanlage
A18: 08 | B18: Sach- & Haftpflichtversicherungen (Gebäude, Haftpflicht, Glas) | C18: § 2 Nr. 13 BetrKV | D18: 5900 | E18: 6300 | F18: =(E18-D18)/D18 -> 0.06779661 | G18: =E18/12 -> 525 | H18: MEA | I18: ='Stammdaten & Schlüssel'!$C$11 -> 1000 | J18: Anpassung Gleitender Neuwertfaktor Wohngebäude 2026
A19: 09 | B19: Hausmeisterdienst / Objektbetreuung | C19: § 2 Nr. 14 BetrKV | D19: 7200 | E19: 7500 | F19: =(E19-D19)/D19 -> 0.041666667 | G19: =E19/12 -> 625 | H19: MEA | I19: ='Stammdaten & Schlüssel'!$C$11 -> 1000 | J19: Regelmäßige Hausmeisterpräsenz, Mülltonnendienst
A20: 10 | B20: Kabelanschluss / Breitband & Antennenanlage | C20: § 2 Nr. 15 BetrKV | D20: 1450 | E20: 1450 | F20: =(E20-D20)/D20 -> 0 | G20: =E20/12 -> 120.83333 | H20: Wohnfläche | I20: ='Stammdaten & Schlüssel'!$C$12 -> 700.5 | J20: Glasfaser-Grundversorgung Gemeinschaftsnetz
A21: 11 | B21: Wartung Rauchwarnmelder, Brandschutz & Feuerlöscher | C21: § 2 Nr. 17 BetrKV | D21: 880 | E21: 920 | F21: =(E21-D21)/D21 -> 0.045454545 | G21: =E21/12 -> 76.666667 | H21: Einheiten | I21: ='Stammdaten & Schlüssel'!$C$13 -> 8 | J21: Jährliche Funktionsprüfung RWA & Rauchmelder
A22: 12 | B22: Sonstige Betriebskosten (Dachrinnenreinigung, Hebeanlage) | C22: § 2 Nr. 17 BetrKV | D22: 1250 | E22: 1350 | F22: =(E22-D22)/D22 -> 0.08 | G22: =E22/12 -> 112.5 | H22: MEA | I22: ='Stammdaten & Schlüssel'!$C$11 -> 1000 | J22: Wartung Hebeanlage TG & Dachrinnenreinigung
A23: Zwischensumme A. Umlagefähige Betriebskosten | D23: =SUM(D10:D22) -> 59830 | E23: =SUM(E10:E22) -> 63370 | F23: =(E23-D23)/D23 -> 0.059167642 | G23: =SUM(G10:G22) -> 5280.8333
A24: B. NICHT UMLAGEFÄHIGE VERWALTUNGS- & INSTANDHALTUNGSKOSTEN (§ 28 ABS. 1 WEG)
A25: 13 | B25: WEG-Verwaltergebühr (Grundhonorar) | C25: § 28 WEG / Verwaltervertrag | D25: 3456 | E25: 3648 | F25: =(E25-D25)/D25 -> 0.055555556 | G25: =E25/12 -> 304 | H25: Einheiten | I25: ='Stammdaten & Schlüssel'!$C$13 -> 8 | J25: 38,00 €/Monat je Einheit (8 Einheiten × 12 Monate)
A26: 14 | B26: Laufende Instandhaltung & Reparaturen (Allgemeine Gebäude) | C26: § 28 Abs. 1 Nr. 1 WEG | D26: 6800 | E26: 7200 | F26: =(E26-D26)/D26 -> 0.058823529 | G26: =E26/12 -> 600 | H26: MEA | I26: ='Stammdaten & Schlüssel'!$C$11 -> 1000 | J26: Kleinreparaturen Gemeinschaftseigentum lt. Budget
A27: 15 | B27: Laufende Instandhaltung Tiefgarage (Torwartung / Markierung) | C27: § 28 Abs. 1 Nr. 1 WEG | D27: 1100 | E27: 1200 | F27: =(E27-D27)/D27 -> 0.090909091 | G27: =E27/12 -> 100 | H27: Stellplatz | I27: ='Stammdaten & Schlüssel'!$C$16 -> 10 | J27: Wartung Rolltor, Brandschutztür & Markierungen TG
A28: 16 | B28: Bank- & Kontoführungsgebühren / Portokosten / ETV-Raummiete | C28: § 28 Abs. 1 Nr. 1 WEG | D28: 720 | E28: 780 | F28: =(E28-D28)/D28 -> 0.083333333 | G28: =E28/12 -> 65 | H28: MEA | I28: ='Stammdaten & Schlüssel'!$C$11 -> 1000 | J28: Kosten WEG-Girokonto, Rundschreiben, Eigentümerversammlung
A29: 17 | B29: Rechts- & Beiratsberatung / Gerichtskostenpauschale | C29: § 28 Abs. 1 Nr. 1 WEG | D29: 700 | E29: 750 | F29: =(E29-D29)/D29 -> 0.071428571 | G29: =E29/12 -> 62.5 | H29: MEA | I29: ='Stammdaten & Schlüssel'!$C$11 -> 1000 | J29: Rückstellung für Rechtsfragen & anwaltliche Erstberatung
A30: 18 | B30: Vermögensschaden-Haftpflicht & D&O für Beirat | C30: § 28 Abs. 1 Nr. 1 WEG | D30: 450 | E30: 480 | F30: =(E30-D30)/D30 -> 0.066666667 | G30: =E30/12 -> 40 | H30: MEA | I30: ='Stammdaten & Schlüssel'!$C$11 -> 1000 | J30: Absicherung der ehrenamtlichen Beiräte
A31: Zwischensumme B. Nicht umlagefähige Verwaltungskosten | D31: =SUM(D25:D30) -> 13226 | E31: =SUM(E25:E30) -> 14058 | F31: =(E31-D31)/D31 -> 0.062906396 | G31: =SUM(G25:G30) -> 1171.5
A32: C. ZUFÜHRUNG ZUR ERHALTUNGSRÜCKLAGE (§ 19 ABS. 2 NR. 2 & § 28 ABS. 1 NR. 2 WEG)
A33: 19 | B33: Reguläre Zuführung Erhaltungsrücklage Wohnungen / Teileigentum | C33: § 19 Abs. 2 Nr. 2 WEG | D33: 14000 | E33: 14800 | F33: =(E33-D33)/D33 -> 0.057142857 | G33: =E33/12 -> 1233.3333 | H33: MEA | I33: ='Stammdaten & Schlüssel'!$C$11 -> 1000 | J33: Zuführung Wohngebäude (ca. 21,50 €/m² p. a.)
A34: 20 | B34: Sonderzuführung Erhaltungsrücklage Tiefgarage / Duplex | C34: § 19 Abs. 2 Nr. 2 WEG | D34: 2200 | E34: 2200 | F34: =(E34-D34)/D34 -> 0 | G34: =E34/12 -> 183.33333 | H34: Stellplatz | I34: ='Stammdaten & Schlüssel'!$C$16 -> 10 | J34: Zweckgebundene Rücklage Tiefgaragensanierung (220 €/Stellplatz)
A35: Zwischensumme C. Zuführung Erhaltungsrücklage | D35: =SUM(D33:D34) -> 16200 | E35: =SUM(E33:E34) -> 17000 | F35: =(E35-D35)/D35 -> 0.049382716 | G35: =SUM(G33:G34) -> 1416.6667
A37: GESAMTSUMME LAUFENDE BEWIRTSCHAFTUNGSKOSTEN (A + B) | D37: =D23+D31 -> 73056 | E37: =E23+E31 -> 77428 | F37: =(E37-D37)/D37 -> 0.059844503 | G37: =G23+G31 -> 6452.3333
A38: GESAMTSUMME ERHALTUNGSRÜCKLAGE (C) | D38: =D35 -> 16200 | E38: =E35 -> 17000 | F38: =(E38-D38)/D38 -> 0.049382716 | G38: =G35 -> 1416.6667
A39: GESAMTWIRTSCHAFTSPLAN 2026: GESAMTKOSTEN (A + B + C) | D39: =D37+D38 -> 89256 | E39: =E37+E38 -> 94428 | F39: =(E39-D39)/D39 -> 0.057945684 | G39: =G37+G38 -> 7869

Sheet Einzelwirtschaftspläne
A1: EINZELWIRTSCHAFTSPLÄNE & HAUSGELDTABELLE 2026
A2: WEG Sonnenhof, Musterstraße 12-14, 80331 München | Aufteilung der Gesamtansätze auf die 8 Sondereigentumseinheiten
A4: Gesamtes Hausgeld p. M. | C4: Davon lfd. Bewirtschaftung p. M. | E4: Davon Erhaltungsrücklage p. M. | G4: Status Wirtschaftsplan
A5: =H27 -> 44.8 | C5: =C27 -> 4800 | E5: =E27 -> 1000 | G5: ABGESTIMMT & PLAUDIBEL
A6: =H27*12 -> 537.6 | C6: =C27*12 -> 57600 | E6: =E27*12 -> 12000 | G6: 100.00 % Umlagequote
A8: WE-Nr. | B8: Eigentümer | C8: Lfd. Kosten p. M. | D8: Lfd. Kosten p. a. | E8: Rücklage p. M. | F8: Rücklage p. a. | G8: Hausgeld p. M. (Gesamt) | H8: Hausgeld p. a. (Gesamt) | I8: MEA-Anteil | J8: Wohnfläche
A9: ='Stammdaten & Schlüssel'!A19 -> WE 01 | B9: ='Stammdaten & Schlüssel'!B19 -> Dr. Weber, Claudia | C9: =D9/12 -> 744.81716 | D9: =(Gesamtwirtschaftsplan!$E$10*J9/'Stammdaten & Schlüssel'!$C$12)+(Gesamtwirtschaftsplan!$E$11*'Stammdaten & Schlüssel'!G19/'Stammdaten & Schlüssel'!$C$15)+(Gesamtwirtschaftsplan!$E$12*'Stammdaten & Schlüssel'!F19/'Stammdaten & Schlüssel'!$C$14)+(Gesamtwirtschaftsplan!$E$13*I9/'Stammdaten & Schlüssel'!$C$11)+(Gesamtwirtschaftsplan!$E$14/'Stammdaten & Schlüssel'!$C$13)+(Gesamtwirtschaftsplan!$E$15*J9/'Stammdaten & Schlüssel'!$C$12)+(Gesamtwirtschaftsplan!$E$16*I9/'Stammdaten & Schlüssel'!$C$11)+(Gesamtwirtschaftsplan!$E$17*I9/'Stammdaten & Schlüssel'!$C$11)+(Gesamtwirtschaftsplan!$E$18*I9/'Stammdaten & Schlüssel'!$C$11)+(Gesamtwirtschaftsplan!$E$19*I9/'Stammdaten & Schlüssel'!$C$11)+(Gesamtwirtschaftsplan!$E$20*J9/'Stammdaten & Schlüssel'!$C$12)+(Gesamtwirtschaftsplan!$E$21/'Stammdaten & Schlüssel'!$C$13)+(Gesamtwirtschaftsplan!$E$22*I9/'Stammdaten & Schlüssel'!$C$11)+(Gesamtwirtschaftsplan!$E$25/'Stammdaten & Schlüssel'!$C$13)+(Gesamtwirtschaftsplan!$E$26*I9/'Stammdaten & Schlüssel'!$C$11)+(Gesamtwirtschaftsplan!$E$27*'Stammdaten & Schlüssel'!H19/'Stammdaten & Schlüssel'!$C$16)+(Gesamtwirtschaftsplan!$E$28*I9/'Stammdaten & Schlüssel'!$C$11)+(Gesamtwirtschaftsplan!$E$29*I9/'Stammdaten & Schlüssel'!$C$11)+(Gesamtwirtschaftsplan!$E$30*I9/'Stammdaten & Schlüssel'!$C$11) -> 8937.8059 | E9: =F9/12 -> 156.46667 | F9: =(Gesamtwirtschaftsplan!$E$33*I9/'Stammdaten & Schlüssel'!$C$11)+(Gesamtwirtschaftsplan!$E$34*'Stammdaten & Schlüssel'!H19/'Stammdaten & Schlüssel'!$C$16) -> 1877.6 | G9: =C9+E9 -> 901.28382 | H9: =D9+F9 -> 10815.406 | I9: ='Stammdaten & Schlüssel'!E19 -> 112 | J9: ='Stammdaten & Schlüssel'!D19 -> 78.5
A10: ='Stammdaten & Schlüssel'!A20 -> WE 02 | B10: ='Stammdaten & Schlüssel'!B20 -> Müller, Thomas & Sabine | C10: =D10/12 -> 895.94108 | D10: =(Gesamtwirtschaftsplan!$E$10*J10/'Stammdaten & Schlüssel'!$C$12)+(Gesamtwirtschaftsplan!$E$11*'Stammdaten & Schlüssel'!G20/'Stammdaten & Schlüssel'!$C$15)+(Gesamtwirtschaftsplan!$E$12*'Stammdaten & Schlüssel'!F20/'Stammdaten & Schlüssel'!$C$14)+(Gesamtwirtschaftsplan!$E$13*I10/'Stammdaten & Schlüssel'!$C$11)+(Gesamtwirtschaftsplan!$E$14/'Stammdaten & Schlüssel'!$C$13)+(Gesamtwirtschaftsplan!$E$15*J10/'Stammdaten & Schlüssel'!$C$12)+(Gesamtwirtschaftsplan!$E$16*I10/'Stammdaten & Schlüssel'!$C$11)+(Gesamtwirtschaftsplan!$E$17*I10/'Stammdaten & Schlüssel'!$C$11)+(Gesamtwirtschaftsplan!$E$18*I10/'Stammdaten & Schlüssel'!$C$11)+(Gesamtwirtschaftsplan!$E$19*I10/'Stammdaten & Schlüssel'!$C$11)+(Gesamtwirtschaftsplan!$E$20*J10/'Stammdaten & Schlüssel'!$C$12)+(Gesamtwirtschaftsplan!$E$21/'Stammdaten & Schlüssel'!$C$13)+(Gesamtwirtschaftsplan!$E$22*I10/'Stammdaten & Schlüssel'!$C$11)+(Gesamtwirtschaftsplan!$E$25/'Stammdaten & Schlüssel'!$C$13)+(Gesamtwirtschaftsplan!$E$26*I10/'Stammdaten & Schlüssel'!$C$11)+(Gesamtwirtschaftsplan!$E$27*'Stammdaten & Schlüssel'!H20/'Stammdaten & Schlüssel'!$C$16)+(Gesamtwirtschaftsplan!$E$28*I10/'Stammdaten & Schlüssel'!$C$11)+(Gesamtwirtschaftsplan!$E$29*I10/'Stammdaten & Schlüssel'!$C$11)+(Gesamtwirtschaftsplan!$E$30*I10/'Stammdaten & Schlüssel'!$C$11) -> 10751.293 | E10: =F10/12 -> 179.9 | F10: =(Gesamtwirtschaftsplan!$E$33*I10/'Stammdaten & Schlüssel'!$C$11)+(Gesamtwirtschaftsplan!$E$34*'Stammdaten & Schlüssel'!H20/'Stammdaten & Schlüssel'!$C$16) -> 2158.8 | G10: =C10+E10 -> 1075.8411 | H10: =D10+F10 -> 12910.093 | I10: ='Stammdaten & Schlüssel'!E20 -> 131 | J10: ='Stammdaten & Schlüssel'!D20 -> 92
A11: ='Stammdaten & Schlüssel'!A21 -> WE 03 | B11: ='Stammdaten & Schlüssel'!B21 -> Bauer, Maximilian | C11: =D11/12 -> 596.89323 | D11: =(Gesamtwirtschaftsplan!$E$10*J11/'Stammdaten & Schlüssel'!$C$12)+(Gesamtwirtschaftsplan!$E$11*'Stammdaten & Schlüssel'!G21/'Stammdaten & Schlüssel'!$C$15)+(Gesamtwirtschaftsplan!$E$12*'Stammdaten & Schlüssel'!F21/'Stammdaten & Schlüssel'!$C$14)+(Gesamtwirtschaftsplan!$E$13*I11/'Stammdaten & Schlüssel'!$C$11)+(Gesamtwirtschaftsplan!$E$14/'Stammdaten & Schlüssel'!$C$13)+(Gesamtwirtschaftsplan!$E$15*J11/'Stammdaten & Schlüssel'!$C$12)+(Gesamtwirtschaftsplan!$E$16*I11/'Stammdaten & Schlüssel'!$C$11)+(Gesamtwirtschaftsplan!$E$17*I11/'Stammdaten & Schlüssel'!$C$11)+(Gesamtwirtschaftsplan!$E$18*I11/'Stammdaten & Schlüssel'!$C$11)+(Gesamtwirtschaftsplan!$E$19*I11/'Stammdaten & Schlüssel'!$C$11)+(Gesamtwirtschaftsplan!$E$20*J11/'Stammdaten & Schlüssel'!$C$12)+(Gesamtwirtschaftsplan!$E$21/'Stammdaten & Schlüssel'!$C$13)+(Gesamtwirtschaftsplan!$E$22*I11/'Stammdaten & Schlüssel'!$C$11)+(Gesamtwirtschaftsplan!$E$25/'Stammdaten & Schlüssel'!$C$13)+(Gesamtwirtschaftsplan!$E$26*I11/'Stammdaten & Schlüssel'!$C$11)+(Gesamtwirtschaftsplan!$E$27*'Stammdaten & Schlüssel'!H21/'Stammdaten & Schlüssel'!$C$16)+(Gesamtwirtschaftsplan!$E$28*I11/'Stammdaten & Schlüssel'!$C$11)+(Gesamtwirtschaftsplan!$E$29*I11/'Stammdaten & Schlüssel'!$C$11)+(Gesamtwirtschaftsplan!$E$30*I11/'Stammdaten & Schlüssel'!$C$11) -> 7162.7187 | E11: =F11/12 -> 133.03333 | F11: =(Gesamtwirtschaftsplan!$E$33*I11/'Stammdaten & Schlüssel'!$C$11)+(Gesamtwirtschaftsplan!$E$34*'Stammdaten & Schlüssel'!H21/'Stammdaten & Schlüssel'!$C$16) -> 1596.4 | G11: =C11+E11 -> 729.92656 | H11: =D11+F11 -> 8759.1187 | I11: ='Stammdaten & Schlüssel'!E21 -> 93 | J11: ='Stammdaten & Schlüssel'!D21 -> 65
A12: ='Stammdaten & Schlüssel'!A22 -> WE 04 | B12: ='Stammdaten & Schlüssel'!B22 -> Kaufmann, Stefan & Julia | C12: =D12/12 -> 819.73338 | D12: =(Gesamtwirtschaftsplan!$E$10*J12/'Stammdaten & Schlüssel'!$C$12)+(Gesamtwirtschaftsplan!$E$11*'Stammdaten & Schlüssel'!G22/'Stammdaten & Schlüssel'!$C$15)+(Gesamtwirtschaftsplan!$E$12*'Stammdaten & Schlüssel'!F22/'Stammdaten & Schlüssel'!$C$14)+(Gesamtwirtschaftsplan!$E$13*I12/'Stammdaten & Schlüssel'!$C$11)+(Gesamtwirtschaftsplan!$E$14/'Stammdaten & Schlüssel'!$C$13)+(Gesamtwirtschaftsplan!$E$15*J12/'Stammdaten & Schlüssel'!$C$12)+(Gesamtwirtschaftsplan!$E$16*I12/'Stammdaten & Schlüssel'!$C$11)+(Gesamtwirtschaftsplan!$E$17*I12/'Stammdaten & Schlüssel'!$C$11)+(Gesamtwirtschaftsplan!$E$18*I12/'Stammdaten & Schlüssel'!$C$11)+(Gesamtwirtschaftsplan!$E$19*I12/'Stammdaten & Schlüssel'!$C$11)+(Gesamtwirtschaftsplan!$E$20*J12/'Stammdaten & Schlüssel'!$C$12)+(Gesamtwirtschaftsplan!$E$21/'Stammdaten & Schlüssel'!$C$13)+(Gesamtwirtschaftsplan!$E$22*I12/'Stammdaten & Schlüssel'!$C$11)+(Gesamtwirtschaftsplan!$E$25/'Stammdaten & Schlüssel'!$C$13)+(Gesamtwirtschaftsplan!$E$26*I12/'Stammdaten & Schlüssel'!$C$11)+(Gesamtwirtschaftsplan!$E$27*'Stammdaten & Schlüssel'!H22/'Stammdaten & Schlüssel'!$C$16)+(Gesamtwirtschaftsplan!$E$28*I12/'Stammdaten & Schlüssel'!$C$11)+(Gesamtwirtschaftsplan!$E$29*I12/'Stammdaten & Schlüssel'!$C$11)+(Gesamtwirtschaftsplan!$E$30*I12/'Stammdaten & Schlüssel'!$C$11) -> 9836.8005 | E12: =F12/12 -> 173.73333 | F12: =(Gesamtwirtschaftsplan!$E$33*I12/'Stammdaten & Schlüssel'!$C$11)+(Gesamtwirtschaftsplan!$E$34*'Stammdaten & Schlüssel'!H22/'Stammdaten & Schlüssel'!$C$16) -> 2084.8 | G12: =C12+E12 -> 993.46671 | H12: =D12+F12 -> 11921.601 | I12: ='Stammdaten & Schlüssel'!E22 -> 126 | J12: ='Stammdaten & Schlüssel'!D22 -> 88.5
A13: ='Stammdaten & Schlüssel'!A23 -> WE 05 | B13: ='Stammdaten & Schlüssel'!B23 -> Alvarez, Sofia | C13: =D13/12 -> 592.09323 | D13: =(Gesamtwirtschaftsplan!$E$10*J13/'Stammdaten & Schlüssel'!$C$12)+(Gesamtwirtschaftsplan!$E$11*'Stammdaten & Schlüssel'!G23/'Stammdaten & Schlüssel'!$C$15)+(Gesamtwirtschaftsplan!$E$12*'Stammdaten & Schlüssel'!F23/'Stammdaten & Schlüssel'!$C$14)+(Gesamtwirtschaftsplan!$E$13*I13/'Stammdaten & Schlüssel'!$C$11)+(Gesamtwirtschaftsplan!$E$14/'Stammdaten & Schlüssel'!$C$13)+(Gesamtwirtschaftsplan!$E$15*J13/'Stammdaten & Schlüssel'!$C$12)+(Gesamtwirtschaftsplan!$E$16*I13/'Stammdaten & Schlüssel'!$C$11)+(Gesamtwirtschaftsplan!$E$17*I13/'Stammdaten & Schlüssel'!$C$11)+(Gesamtwirtschaftsplan!$E$18*I13/'Stammdaten & Schlüssel'!$C$11)+(Gesamtwirtschaftsplan!$E$19*I13/'Stammdaten & Schlüssel'!$C$11)+(Gesamtwirtschaftsplan!$E$20*J13/'Stammdaten & Schlüssel'!$C$12)+(Gesamtwirtschaftsplan!$E$21/'Stammdaten & Schlüssel'!$C$13)+(Gesamtwirtschaftsplan!$E$22*I13/'Stammdaten & Schlüssel'!$C$11)+(Gesamtwirtschaftsplan!$E$25/'Stammdaten & Schlüssel'!$C$13)+(Gesamtwirtschaftsplan!$E$26*I13/'Stammdaten & Schlüssel'!$C$11)+(Gesamtwirtschaftsplan!$E$27*'Stammdaten & Schlüssel'!H23/'Stammdaten & Schlüssel'!$C$16)+(Gesamtwirtschaftsplan!$E$28*I13/'Stammdaten & Schlüssel'!$C$11)+(Gesamtwirtschaftsplan!$E$29*I13/'Stammdaten & Schlüssel'!$C$11)+(Gesamtwirtschaftsplan!$E$30*I13/'Stammdaten & Schlüssel'!$C$11) -> 7105.1187 | E13: =F13/12 -> 133.03333 | F13: =(Gesamtwirtschaftsplan!$E$33*I13/'Stammdaten & Schlüssel'!$C$11)+(Gesamtwirtschaftsplan!$E$34*'Stammdaten & Schlüssel'!H23/'Stammdaten & Schlüssel'!$C$16) -> 1596.4 | G13: =C13+E13 -> 725.12656 | H13: =D13+F13 -> 8701.5187 | I13: ='Stammdaten & Schlüssel'!E23 -> 93 | J13: ='Stammdaten & Schlüssel'!D23 -> 65
A14: ='Stammdaten & Schlüssel'!A24 -> WE 06 | B14: ='Stammdaten & Schlüssel'!B24 -> Schmidt, Alexander | C14: =D14/12 -> 813.33338 | D14: =(Gesamtwirtschaftsplan!$E$10*J14/'Stammdaten & Schlüssel'!$C$12)+(Gesamtwirtschaftsplan!$E$11*'Stammdaten & Schlüssel'!G24/'Stammdaten & Schlüssel'!$C$15)+(Gesamtwirtschaftsplan!$E$12*'Stammdaten & Schlüssel'!F24/'Stammdaten & Schlüssel'!$C$14)+(Gesamtwirtschaftsplan!$E$13*I14/'Stammdaten & Schlüssel'!$C$11)+(Gesamtwirtschaftsplan!$E$14/'Stammdaten & Schlüssel'!$C$13)+(Gesamtwirtschaftsplan!$E$15*J14/'Stammdaten & Schlüssel'!$C$12)+(Gesamtwirtschaftsplan!$E$16*I14/'Stammdaten & Schlüssel'!$C$11)+(Gesamtwirtschaftsplan!$E$17*I14/'Stammdaten & Schlüssel'!$C$11)+(Gesamtwirtschaftsplan!$E$18*I14/'Stammdaten & Schlüssel'!$C$11)+(Gesamtwirtschaftsplan!$E$19*I14/'Stammdaten & Schlüssel'!$C$11)+(Gesamtwirtschaftsplan!$E$20*J14/'Stammdaten & Schlüssel'!$C$12)+(Gesamtwirtschaftsplan!$E$21/'Stammdaten & Schlüssel'!$C$13)+(Gesamtwirtschaftsplan!$E$22*I14/'Stammdaten & Schlüssel'!$C$11)+(Gesamtwirtschaftsplan!$E$25/'Stammdaten & Schlüssel'!$C$13)+(Gesamtwirtschaftsplan!$E$26*I14/'Stammdaten & Schlüssel'!$C$11)+(Gesamtwirtschaftsplan!$E$27*'Stammdaten & Schlüssel'!H24/'Stammdaten & Schlüssel'!$C$16)+(Gesamtwirtschaftsplan!$E$28*I14/'Stammdaten & Schlüssel'!$C$11)+(Gesamtwirtschaftsplan!$E$29*I14/'Stammdaten & Schlüssel'!$C$11)+(Gesamtwirtschaftsplan!$E$30*I14/'Stammdaten & Schlüssel'!$C$11) -> 9760.0005 | E14: =F14/12 -> 173.73333 | F14: =(Gesamtwirtschaftsplan!$E$33*I14/'Stammdaten & Schlüssel'!$C$11)+(Gesamtwirtschaftsplan!$E$34*'Stammdaten & Schlüssel'!H24/'Stammdaten & Schlüssel'!$C$16) -> 2084.8 | G14: =C14+E14 -> 987.06671 | H14: =D14+F14 -> 11844.801 | I14: ='Stammdaten & Schlüssel'!E24 -> 126 | J14: ='Stammdaten & Schlüssel'!D24 -> 88.5
A15: ='Stammdaten & Schlüssel'!A25 -> WE 07 | B15: ='Stammdaten & Schlüssel'!B25 -> Huber, Franziska | C15: =D15/12 -> 878.71217 | D15: =(Gesamtwirtschaftsplan!$E$10*J15/'Stammdaten & Schlüssel'!$C$12)+(Gesamtwirtschaftsplan!$E$11*'Stammdaten & Schlüssel'!G25/'Stammdaten & Schlüssel'!$C$15)+(Gesamtwirtschaftsplan!$E$12*'Stammdaten & Schlüssel'!F25/'Stammdaten & Schlüssel'!$C$14)+(Gesamtwirtschaftsplan!$E$13*I15/'Stammdaten & Schlüssel'!$C$11)+(Gesamtwirtschaftsplan!$E$14/'Stammdaten & Schlüssel'!$C$13)+(Gesamtwirtschaftsplan!$E$15*J15/'Stammdaten & Schlüssel'!$C$12)+(Gesamtwirtschaftsplan!$E$16*I15/'Stammdaten & Schlüssel'!$C$11)+(Gesamtwirtschaftsplan!$E$17*I15/'Stammdaten & Schlüssel'!$C$11)+(Gesamtwirtschaftsplan!$E$18*I15/'Stammdaten & Schlüssel'!$C$11)+(Gesamtwirtschaftsplan!$E$19*I15/'Stammdaten & Schlüssel'!$C$11)+(Gesamtwirtschaftsplan!$E$20*J15/'Stammdaten & Schlüssel'!$C$12)+(Gesamtwirtschaftsplan!$E$21/'Stammdaten & Schlüssel'!$C$13)+(Gesamtwirtschaftsplan!$E$22*I15/'Stammdaten & Schlüssel'!$C$11)+(Gesamtwirtschaftsplan!$E$25/'Stammdaten & Schlüssel'!$C$13)+(Gesamtwirtschaftsplan!$E$26*I15/'Stammdaten & Schlüssel'!$C$11)+(Gesamtwirtschaftsplan!$E$27*'Stammdaten & Schlüssel'!H25/'Stammdaten & Schlüssel'!$C$16)+(Gesamtwirtschaftsplan!$E$28*I15/'Stammdaten & Schlüssel'!$C$11)+(Gesamtwirtschaftsplan!$E$29*I15/'Stammdaten & Schlüssel'!$C$11)+(Gesamtwirtschaftsplan!$E$30*I15/'Stammdaten & Schlüssel'!$C$11) -> 10544.546 | E15: =F15/12 -> 204.4 | F15: =(Gesamtwirtschaftsplan!$E$33*I15/'Stammdaten & Schlüssel'!$C$11)+(Gesamtwirtschaftsplan!$E$34*'Stammdaten & Schlüssel'!H25/'Stammdaten & Schlüssel'!$C$16) -> 2452.8 | G15: =C15+E15 -> 1083.1122 | H15: =D15+F15 -> 12997.346 | I15: ='Stammdaten & Schlüssel'!E25 -> 136 | J15: ='Stammdaten & Schlüssel'!D25 -> 95
A16: ='Stammdaten & Schlüssel'!A26 -> WE 08 | B16: ='Stammdaten & Schlüssel'!B26 -> Zimmermann, Peter | C16: =D16/12 -> 1110.8097 | D16: =(Gesamtwirtschaftsplan!$E$10*J16/'Stammdaten & Schlüssel'!$C$12)+(Gesamtwirtschaftsplan!$E$11*'Stammdaten & Schlüssel'!G26/'Stammdaten & Schlüssel'!$C$15)+(Gesamtwirtschaftsplan!$E$12*'Stammdaten & Schlüssel'!F26/'Stammdaten & Schlüssel'!$C$14)+(Gesamtwirtschaftsplan!$E$13*I16/'Stammdaten & Schlüssel'!$C$11)+(Gesamtwirtschaftsplan!$E$14/'Stammdaten & Schlüssel'!$C$13)+(Gesamtwirtschaftsplan!$E$15*J16/'Stammdaten & Schlüssel'!$C$12)+(Gesamtwirtschaftsplan!$E$16*I16/'Stammdaten & Schlüssel'!$C$11)+(Gesamtwirtschaftsplan!$E$17*I16/'Stammdaten & Schlüssel'!$C$11)+(Gesamtwirtschaftsplan!$E$18*I16/'Stammdaten & Schlüssel'!$C$11)+(Gesamtwirtschaftsplan!$E$19*I16/'Stammdaten & Schlüssel'!$C$11)+(Gesamtwirtschaftsplan!$E$20*J16/'Stammdaten & Schlüssel'!$C$12)+(Gesamtwirtschaftsplan!$E$21/'Stammdaten & Schlüssel'!$C$13)+(Gesamtwirtschaftsplan!$E$22*I16/'Stammdaten & Schlüssel'!$C$11)+(Gesamtwirtschaftsplan!$E$25/'Stammdaten & Schlüssel'!$C$13)+(Gesamtwirtschaftsplan!$E$26*I16/'Stammdaten & Schlüssel'!$C$11)+(Gesamtwirtschaftsplan!$E$27*'Stammdaten & Schlüssel'!H26/'Stammdaten & Schlüssel'!$C$16)+(Gesamtwirtschaftsplan!$E$28*I16/'Stammdaten & Schlüssel'!$C$11)+(Gesamtwirtschaftsplan!$E$29*I16/'Stammdaten & Schlüssel'!$C$11)+(Gesamtwirtschaftsplan!$E$30*I16/'Stammdaten & Schlüssel'!$C$11) -> 13329.717 | E16: =F16/12 -> 262.36667 | F16: =(Gesamtwirtschaftsplan!$E$33*I16/'Stammdaten & Schlüssel'!$C$11)+(Gesamtwirtschaftsplan!$E$34*'Stammdaten & Schlüssel'!H26/'Stammdaten & Schlüssel'!$C$16) -> 3148.4 | G16: =C16+E16 -> 1373.1764 | H16: =D16+F16 -> 16478.117 | I16: ='Stammdaten & Schlüssel'!E26 -> 183 | J16: ='Stammdaten & Schlüssel'!D26 -> 128
A17: GESAMTSUMME ALLER EINZELWIRTSCHAFTSPLÄNE | C17: =SUM(C9:C16) -> 6452.3333 | D17: =SUM(D9:D16) -> 77428 | E17: =SUM(E9:E16) -> 1416.6667 | F17: =SUM(F9:F16) -> 17000 | G17: =SUM(G9:G16) -> 7869 | H17: =SUM(H9:H16) -> 94428 | I17: =SUM(I9:I16) -> 1000 | J17: =SUM(J9:J16) -> 700.5
A19: MUSTER-EINZELWIRTSCHAFTSPLAN: WOHNUNG 01 (DR. CLAUDIA WEBER) – DETAILAUFSTELLUNG
A20: Pos. | B20: Kostenposition / Bezeichnung | C20: Gesamtkosten 2026 | D20: Verteilungsschlüssel | E20: Gesamtbasis WEG | F20: Anteil WE 01 | G20: Jahresanteil (€) | H20: Monatl. Hausgeld (€) | I20: Rechtsgrundlage / Notiz | J20: Status
A21: 01.01 | B21: =Gesamtwirtschaftsplan!B10 -> Heizung & Warmwasser - Grundkosten (30 %) | C21: =Gesamtwirtschaftsplan!E10 -> 6200 | D21: =Gesamtwirtschaftsplan!H10 -> Wohnfläche | E21: =Gesamtwirtschaftsplan!I10 -> 700.5 | F21: ='Stammdaten & Schlüssel'!$D$19 -> 78.5 | G21: =(C21*F21)/E21 -> 694.78944 | H21: =G21/12 -> 57.89912 | I21: Wohnfläche (78,50 m²) | J21: Umlagefähig
A22: 01.02 | B22: =Gesamtwirtschaftsplan!B11 -> Heizung & Warmwasser - Verbrauchskosten (70 %) | C22: =Gesamtwirtschaftsplan!E11 -> 14400 | D22: =Gesamtwirtschaftsplan!H11 -> Heizung_Verbr | E22: =Gesamtwirtschaftsplan!I11 -> 7500 | F22: ='Stammdaten & Schlüssel'!$G$19 -> 850 | G22: =(C22*F22)/E22 -> 1632 | H22: =G22/12 -> 136 | I22: Verbrauch (850 VE) | J22: Umlagefähig
A23: 02 | B23: =Gesamtwirtschaftsplan!B12 -> Kaltwasser & Abwasser / Niederschlagswasser | C23: =Gesamtwirtschaftsplan!E12 -> 6800 | D23: =Gesamtwirtschaftsplan!H12 -> Personen | E23: =Gesamtwirtschaftsplan!I12 -> 15 | F23: ='Stammdaten & Schlüssel'!$F$19 -> 2 | G23: =(C23*F23)/E23 -> 906.66667 | H23: =G23/12 -> 75.555556 | I23: Personen (2 Pers.) | J23: Umlagefähig
A24: 03 | B24: =Gesamtwirtschaftsplan!B13 -> Personenaufzug / Betrieb, Wartung & Notruf | C24: =Gesamtwirtschaftsplan!E13 -> 3300 | D24: =Gesamtwirtschaftsplan!H13 -> MEA | E24: =Gesamtwirtschaftsplan!I13 -> 1000 | F24: ='Stammdaten & Schlüssel'!$E$19 -> 112 | G24: =(C24*F24)/E24 -> 369.6 | H24: =G24/12 -> 30.8 | I24: MEA (112 / 1.000) | J24: Umlagefähig
A25: 04 | B25: =Gesamtwirtschaftsplan!B14 -> Straßenreinigung & Müllbeseitigung (Grund-/Mengengebühr) | C25: =Gesamtwirtschaftsplan!E14 -> 4300 | D25: =Gesamtwirtschaftsplan!H14 -> Einheiten | E25: =Gesamtwirtschaftsplan!I14 -> 8 | F25: 1 | G25: =(C25*F25)/E25 -> 537.5 | H25: =G25/12 -> 44.791667 | I25: 1 Wohneinheit | J25: Umlagefähig
A26: 05 | B26: =Gesamtwirtschaftsplan!B15 -> Gebäudereinigung & Ungezieferbekämpfung (Treppenhaus) | C26: =Gesamtwirtschaftsplan!E15 -> 3800 | D26: =Gesamtwirtschaftsplan!H15 -> Wohnfläche | E26: =Gesamtwirtschaftsplan!I15 -> 700.5 | F26: ='Stammdaten & Schlüssel'!$D$19 -> 78.5 | G26: =(C26*F26)/E26 -> 425.83869 | H26: =G26/12 -> 35.486557 | I26: Wohnfläche (78,50 m²) | J26: Umlagefähig
A27: 06 | B27: =Gesamtwirtschaftsplan!B16 -> Gartenpflege & Außenanlagenpflege / Winterdienst | C27: =Gesamtwirtschaftsplan!E16 -> 4800 | D27: =Gesamtwirtschaftsplan!H16 -> MEA | E27: =Gesamtwirtschaftsplan!I16 -> 1000 | F27: ='Stammdaten & Schlüssel'!$E$19 -> 112 | G27: =(C27*F27)/E27 -> 537.6 | H27: =G27/12 -> 44.8 | I27: MEA (112 / 1.000) | J27: Umlagefähig
A28: 07 | B28: =Gesamtwirtschaftsplan!B17 -> Allgemeinstrom / Beleuchtung (Treppenhaus, Außen, TG) | C28: =Gesamtwirtschaftsplan!E17 -> 2250 | D28: =Gesamtwirtschaftsplan!H17 -> MEA | E28: =Gesamtwirtschaftsplan!I17 -> 1000 | F28: ='Stammdaten & Schlüssel'!$E$19 -> 112 | G28: =(C28*F28)/E28 -> 252 | H28: =G28/12 -> 21 | I28: MEA (112 / 1.000) | J28: Umlagefähig
A29: 08 | B29: =Gesamtwirtschaftsplan!B18 -> Sach- & Haftpflichtversicherungen (Gebäude, Haftpflicht, Glas) | C29: =Gesamtwirtschaftsplan!E18 -> 6300 | D29: =Gesamtwirtschaftsplan!H18 -> MEA | E29: =Gesamtwirtschaftsplan!I18 -> 1000 | F29: ='Stammdaten & Schlüssel'!$E$19 -> 112 | G29: =(C29*F29)/E29 -> 705.6 | H29: =G29/12 -> 58.8 | I29: MEA (112 / 1.000) | J29: Umlagefähig
A30: 09 | B30: =Gesamtwirtschaftsplan!B19 -> Hausmeisterdienst / Objektbetreuung | C30: =Gesamtwirtschaftsplan!E19 -> 7500 | D30: =Gesamtwirtschaftsplan!H19 -> MEA | E30: =Gesamtwirtschaftsplan!I19 -> 1000 | F30: ='Stammdaten & Schlüssel'!$E$19 -> 112 | G30: =(C30*F30)/E30 -> 840 | H30: =G30/12 -> 70 | I30: MEA (112 / 1.000) | J30: Umlagefähig
A31: 10 | B31: =Gesamtwirtschaftsplan!B20 -> Kabelanschluss / Breitband & Antennenanlage | C31: =Gesamtwirtschaftsplan!E20 -> 1450 | D31: =Gesamtwirtschaftsplan!H20 -> Wohnfläche | E31: =Gesamtwirtschaftsplan!I20 -> 700.5 | F31: ='Stammdaten & Schlüssel'!$D$19 -> 78.5 | G31: =(C31*F31)/E31 -> 162.49108 | H31: =G31/12 -> 13.540923 | I31: Wohnfläche (78,50 m²) | J31: Umlagefähig
A32: 11 | B32: =Gesamtwirtschaftsplan!B21 -> Wartung Rauchwarnmelder, Brandschutz & Feuerlöscher | C32: =Gesamtwirtschaftsplan!E21 -> 920 | D32: =Gesamtwirtschaftsplan!H21 -> Einheiten | E32: =Gesamtwirtschaftsplan!I21 -> 8 | F32: 1 | G32: =(C32*F32)/E32 -> 115 | H32: =G32/12 -> 9.5833333 | I32: 1 Wohneinheit | J32: Umlagefähig
A33: 12 | B33: =Gesamtwirtschaftsplan!B22 -> Sonstige Betriebskosten (Dachrinnenreinigung, Hebeanlage) | C33: =Gesamtwirtschaftsplan!E22 -> 1350 | D33: =Gesamtwirtschaftsplan!H22 -> MEA | E33: =Gesamtwirtschaftsplan!I22 -> 1000 | F33: ='Stammdaten & Schlüssel'!$E$19 -> 112 | G33: =(C33*F33)/E33 -> 151.2 | H33: =G33/12 -> 12.6 | I33: MEA (112 / 1.000) | J33: Umlagefähig
A34: 13 | B34: =Gesamtwirtschaftsplan!B25 -> WEG-Verwaltergebühr (Grundhonorar) | C34: =Gesamtwirtschaftsplan!E25 -> 3648 | D34: =Gesamtwirtschaftsplan!H25 -> Einheiten | E34: =Gesamtwirtschaftsplan!I25 -> 8 | F34: 1 | G34: =(C34*F34)/E34 -> 456 | H34: =G34/12 -> 38 | I34: 1 Wohneinheit | J34: Nicht umlagef.
A35: 14 | B35: =Gesamtwirtschaftsplan!B26 -> Laufende Instandhaltung & Reparaturen (Allgemeine Gebäude) | C35: =Gesamtwirtschaftsplan!E26 -> 7200 | D35: =Gesamtwirtschaftsplan!H26 -> MEA | E35: =Gesamtwirtschaftsplan!I26 -> 1000 | F35: ='Stammdaten & Schlüssel'!$E$19 -> 112 | G35: =(C35*F35)/E35 -> 806.4 | H35: =G35/12 -> 67.2 | I35: MEA (112 / 1.000) | J35: Nicht umlagef.
A36: 15 | B36: =Gesamtwirtschaftsplan!B27 -> Laufende Instandhaltung Tiefgarage (Torwartung / Markierung) | C36: =Gesamtwirtschaftsplan!E27 -> 1200 | D36: =Gesamtwirtschaftsplan!H27 -> Stellplatz | E36: =Gesamtwirtschaftsplan!I27 -> 10 | F36: ='Stammdaten & Schlüssel'!$H$19 -> 1 | G36: =(C36*F36)/E36 -> 120 | H36: =G36/12 -> 10 | I36: 1 Stellplatz | J36: Nicht umlagef.
A37: 16 | B37: =Gesamtwirtschaftsplan!B28 -> Bank- & Kontoführungsgebühren / Portokosten / ETV-Raummiete | C37: =Gesamtwirtschaftsplan!E28 -> 780 | D37: =Gesamtwirtschaftsplan!H28 -> MEA | E37: =Gesamtwirtschaftsplan!I28 -> 1000 | F37: ='Stammdaten & Schlüssel'!$E$19 -> 112 | G37: =(C37*F37)/E37 -> 87.36 | H37: =G37/12 -> 7.28 | I37: MEA (112 / 1.000) | J37: Nicht umlagef.
A38: 17 | B38: =Gesamtwirtschaftsplan!B29 -> Rechts- & Beiratsberatung / Gerichtskostenpauschale | C38: =Gesamtwirtschaftsplan!E29 -> 750 | D38: =Gesamtwirtschaftsplan!H29 -> MEA | E38: =Gesamtwirtschaftsplan!I29 -> 1000 | F38: ='Stammdaten & Schlüssel'!$E$19 -> 112 | G38: =(C38*F38)/E38 -> 84 | H38: =G38/12 -> 7 | I38: MEA (112 / 1.000) | J38: Nicht umlagef.
A39: 18 | B39: =Gesamtwirtschaftsplan!B30 -> Vermögensschaden-Haftpflicht & D&O für Beirat | C39: =Gesamtwirtschaftsplan!E30 -> 480 | D39: =Gesamtwirtschaftsplan!H30 -> MEA | E39: =Gesamtwirtschaftsplan!I30 -> 1000 | F39: ='Stammdaten & Schlüssel'!$E$19 -> 112 | G39: =(C39*F39)/E39 -> 53.76 | H39: =G39/12 -> 4.48 | I39: MEA (112 / 1.000) | J39: Nicht umlagef.
A40: 19 | B40: =Gesamtwirtschaftsplan!B33 -> Reguläre Zuführung Erhaltungsrücklage Wohnungen / Teileigentum | C40: =Gesamtwirtschaftsplan!E33 -> 14800 | D40: =Gesamtwirtschaftsplan!H33 -> MEA | E40: =Gesamtwirtschaftsplan!I33 -> 1000 | F40: ='Stammdaten & Schlüssel'!$E$19 -> 112 | G40: =(C40*F40)/E40 -> 1657.6 | H40: =G40/12 -> 138.13333 | I40: MEA (112 / 1.000) | J40: Rücklage
A41: 20 | B41: =Gesamtwirtschaftsplan!B34 -> Sonderzuführung Erhaltungsrücklage Tiefgarage / Duplex | C41: =Gesamtwirtschaftsplan!E34 -> 2200 | D41: =Gesamtwirtschaftsplan!H34 -> Stellplatz | E41: =Gesamtwirtschaftsplan!I34 -> 10 | F41: ='Stammdaten & Schlüssel'!$H$19 -> 1 | G41: =(C41*F41)/E41 -> 220 | H41: =G41/12 -> 18.333333 | I41: 1 Stellplatz | J41: Rücklage
A42: GESAMTSUMME WOHNUNG 01 (HAUSGELD-VORSCHUSS 2026) | G42: =SUM(G21:G41) -> 10815.406 | H42: =SUM(H21:H41) -> 901.28382 | I42: Monatlicher Zahlbetrag WE 01 | J42: Geprüft

Sheet Stammdaten & Schlüssel
A1: STAMMDATEN, VERTEILUNGSSCHLÜSSEL & LIEGENSCHAFTSREGISTER
A2: Grundlegende Stammdaten der WEG Sonnenhof, Beschlusslage und Einheiten-Übersicht
A4: 1. Allgemeine Objektdaten & Kontoverbindungen
A5: Liegenschaft / Objekt: | B5: WEG Sonnenhof, Musterstraße 12-14, 80331 München | D5: WEG-Verwaltung: | E5: Immobilienverwaltung Bavaria GmbH
A6: Wirtschaftsjahr: | B6: 01.01.2026 bis 31.12.2026 | D6: Zuständiger Verwalter: | E6: Herr Markus Huber (Zertifizierter Verwalter)
A7: Teilungserklärung vom: | B7: 14.06.1998 (Notariat Dr. Schmidt, UR-Nr. 1892/98) | D7: Bankverbindung Hausgeld: | E7: DE44 7002 0270 0012 3456 78 (Stadtsparkasse)
A8: Verwaltungsbeirat (Vorsitz): | B8: Frau Dr. Claudia Weber | D8: Bankverbindung Rücklage: | E8: DE89 7002 0270 0098 7654 32 (Stadtsparkasse Festgeld)
A9: 2. Verteilungsschlüssel im Wirtschaftsplan (§ 16 Abs. 1 & 2 WEG / HeizkostenV)
A10: Schlüssel-Kürzel | B10: Bezeichnung des Schlüssels | C10: Gesamtbasis | D10: Einheit | E10: Gesetzl. / Vertragl. Rechtsgrundlage
A11: MEA | B11: Miteigentumsanteile lt. Teilungserklärung | C11: =SUM(E19:E26) -> 1000 | D11: MEA / 1.000stel | E11: § 16 Abs. 1 WEG / Teilungserklärung
A12: Wohnfläche | B12: Wohn- & Nutzfläche in Quadratmetern | C12: =SUM(D19:D26) -> 700.5 | D12: m² | E12: § 16 Abs. 2 WEG / ETV-Beschluss
A13: Einheiten | B13: Pauschale Verteilung nach Wohn-/Teileinheiten | C13: =COUNT(D19:D26) -> 8 | D13: Einheiten (Stk.) | E13: § 16 Abs. 2 WEG / ETV-Beschluss
A14: Personen | B14: Bewohneranzahl / Kopfzahl (Stichtagsbezogen) | C14: =SUM(F19:F26) -> 15 | D14: Personen | E14: ETV-Beschluss gem. § 16 Abs. 2 WEG
A15: Heizung_Verbr | B15: Heizkosten nach Verbrauch (Heizkostenverordnung) | C15: =SUM(G19:G26) -> 7500 | D15: Verbrauchseinheiten (VE) | E15: §§ 7, 8 HeizkostenV (70 % Verbrauch)
A16: Stellplatz | B16: Tiefgaragenstellplätze (TG-Instandhaltung) | C16: =SUM(H19:H26) -> 10 | D16: Stellplätze | E16: Teilungserklärung / Sonderzuordnung
A17: 3. Einheiten- & Eigentümerverzeichnis (Stammbaum der Liegenschaft)
A18: WE-Nr. | B18: Eigentümer (Name, Vorname) | C18: Lage / Geschoss | D18: Wohnfläche (m²) | E18: MEA (Miteigentumsanteil) | F18: Personen | G18: Heizung VE | H18: TG-Stellplätze | I18: Status / Nutzung
A19: WE 01 | B19: Dr. Weber, Claudia | C19: EG links | D19: 78.5 | E19: 112 | F19: 2 | G19: 850 | H19: 1 | I19: Selbstnutzer
A20: WE 02 | B20: Müller, Thomas & Sabine | C20: EG rechts | D20: 92 | E20: 131 | F20: 3 | G20: 1100 | H20: 1 | I20: Selbstnutzer
A21: WE 03 | B21: Bauer, Maximilian | C21: 1. OG links | D21: 65 | E21: 93 | F21: 1 | G21: 620 | H21: 1 | I21: Vermietet
A22: WE 04 | B22: Kaufmann, Stefan & Julia | C22: 1. OG rechts | D22: 88.5 | E22: 126 | F22: 2 | G22: 980 | H22: 1 | I22: Selbstnutzer
A23: WE 05 | B23: Alvarez, Sofia | C23: 2. OG links | D23: 65 | E23: 93 | F23: 1 | G23: 590 | H23: 1 | I23: Vermietet
A24: WE 06 | B24: Schmidt, Alexander | C24: 2. OG rechts | D24: 88.5 | E24: 126 | F24: 2 | G24: 940 | H24: 1 | I24: Selbstnutzer
A25: WE 07 | B25: Huber, Franziska | C25: 3. OG links (DG) | D25: 95 | E25: 136 | F25: 2 | G25: 1050 | H25: 2 | I25: Selbstnutzer
A26: WE 08 | B26: Zimmermann, Peter | C26: 3. OG rechts (DG) | D26: 128 | E26: 183 | F26: 2 | G26: 1370 | H26: 2 | I26: Selbstnutzer
A27: GESAMTSUMME DER LIEGENSCHAFT | D27: =SUM(D19:D26) -> 700.5 | E27: =SUM(E19:E26) -> 1000 | F27: =SUM(F19:F26) -> 15 | G27: =SUM(G19:G26) -> 7500 | H27: =SUM(H19:H26) -> 10 | I27: 8 Einheiten voll belegt

Sheet Kontrolle & Plausibilität
A1: WIRTSCHAFTSPLAN-PRÜFUNG & PLAUSIBILITÄTSKONTROLLE
A2: Prüfpfad für Beirat, Verwalter und Rechnungsprüfer gem. § 28 und § 29 WEG
A4: 1. Plausibilitätsprüfungen & Abstimmungsnachweis (Automatische Validierung)
A5: Prüffeld / Kontrollposition | B5: Sollwert / Referenzwert | C5: Istwert / Berechneter Wert | D5: Differenz | E5: Toleranz | F5: Prüfstatus / Ergebnis
A6: Summe Miteigentumsanteile (MEA) | B6: 1000 | C6: ='Stammdaten & Schlüssel'!E27 -> 1000 | D6: =C6-B6 -> 0 | E6: 0.00 MEA | F6: =IF(ABS(D6)<0.01, "OK (Exakt 1.000 MEA)", "FEHLER: MEA-Summe ≠ 1.000") -> OK (Exakt 1.000 MEA)
A7: Gesamtwirtschaftsplan vs. Summe Einzelpläne | B7: =Gesamtwirtschaftsplan!E39 -> 94428 | C7: =Einzelwirtschaftspläne!H17 -> 94428 | D7: =C7-B7 -> 0 | E7: 0.00 € | F7: =IF(ABS(D7)<0.05, "OK (Vollständig umgelegt)", "FEHLER: Umlagedifferenz") -> OK (Vollständig umgelegt)
A8: Laufende Bewirtschaftung vs. Einzelpläne | B8: =Gesamtwirtschaftsplan!E37 -> 77428 | C8: =Einzelwirtschaftspläne!D17 -> 77428 | D8: =C8-B8 -> 0 | E8: 0.00 € | F8: =IF(ABS(D8)<0.05, "OK (Abgestimmt)", "FEHLER: Abweichung") -> OK (Abgestimmt)
A9: Erhaltungsrücklage vs. Einzelpläne | B9: =Gesamtwirtschaftsplan!E38 -> 17000 | C9: =Einzelwirtschaftspläne!F17 -> 17000 | D9: =C9-B9 -> 0 | E9: 0.00 € | F9: =IF(ABS(D9)<0.05, "OK (Abgestimmt)", "FEHLER: Abweichung") -> OK (Abgestimmt)
A10: Rücklagenzuführung Wohngebäude je m² p. a. | B10: 20 | C10: =Gesamtwirtschaftsplan!E33/'Stammdaten & Schlüssel'!D27 -> 21.127766 | D10: =C10-B10 -> 1.1277659 | E10: > 15,00 € | F10: =IF(C10>=15, "Angemessen gem. § 19 WEG", "Prüfung: Rücklage evtl. zu gering") -> Angemessen gem. § 19 WEG
A11: Kostensteigerung Gesamtjahr ggü. Vorjahr | B11: 0.05 | C11: =(Gesamtwirtschaftsplan!E39-Gesamtwirtschaftsplan!D39)/Gesamtwirtschaftsplan!D39 -> 0.057945684 | D11: =C11-B11 -> 0.0079456843 | E11: < 10.0% | F11: =IF(C11<0.1, "Plausibel (< 10%)", "Prüfung empfohlen (> 10%)") -> Plausibel (< 10%)
A13: 2. Vorschau Erhaltungsrücklagen-Entwicklung (§ 19 Abs. 2 Nr. 2 WEG)
A14: Rücklagen-Kategorie | B14: Stand per 01.01.2026 | C14: Geplante Zuführung 2026 | D14: Geplante Entnahmen 2026 | E14: Voraussichtl. Stand 31.12.2026 | F14: Status / Liquiditätspolster
A15: Erhaltungsrücklage Wohngebäude / Allgemein | B15: 48500 | C15: =Gesamtwirtschaftsplan!E33 -> 14800 | D15: 8500 | E15: =B15+C15-D15 -> 54800 | F15: Solide Reserve
A16: Sonderrücklage Tiefgarage / Stellplätze | B16: 12400 | C16: =Gesamtwirtschaftsplan!E34 -> 2200 | D16: 0 | E16: =B16+C16-D16 -> 14600 | F16: Ansparphase Torantrieb
A17: GESAMTE ERHALTUNGSRÜCKLAGE WEG | B17: =SUM(B15:B16) -> 60900 | C17: =SUM(C15:C16) -> 17000 | D17: =SUM(D15:D16) -> 8500 | E17: =SUM(E15:E16) -> 69400 | F17: Liquidität gesichert

Sheet Leitfaden & WEG-Recht
A1: LEITFADEN, RECHTSGRUNDLAGEN & CHECKLISTE ZUM WIRTSCHAFTSPLAN
A2: Wichtige rechtliche Vorgaben gem. WEMoG / § 28 WEG, Praxis-Tipps und Prüfschritte
A4: 1. Gesetzliche Vorgaben gem. § 28 WEG (Wohnungseigentumsmodernisierungsgesetz - WEMoG)
A5: § 28 Abs. 1 WEG - Pflicht zur Aufstellung: | B5: Der Verwalter hat jeweils für ein Kalenderjahr einen Wirtschaftsplan aufzustellen, der die voraussichtlichen Einnahmen und Ausgaben, die anteilige Verpflichtung der Wohnungseigentümer zur Lasten- und Kostentragung sowie die Beiträge zur Erhaltungsrücklage enthält.
A6: Beschlussgegenstand gem. § 28 Abs. 1 Satz 1 WEG: | B6: Beschlossen wird über die Pflicht der Wohnungseigentümer zur Leistung der im Wirtschaftsplan ausgewiesenen Vorschüsse (Hausgeld). Der Wirtschaftsplan selbst ist die rechnerische Grundlage für diesen Beschluss.
A7: Abgrenzung zur Jahresabrechnung (§ 28 Abs. 2 WEG): | B7: Der Wirtschaftsplan ist rein zukunftsorientiert (Prognose / Vorschuss). Die spätere Jahresabrechnung rechnet die tatsächlichen Ist-Einnahmen und Ist-Ausgaben centgenau gegen die geleisteten Vorschüsse ab.
A8: Erhaltungsrücklage (§ 19 Abs. 2 Nr. 2 WEG): | B8: Die Bildung einer angemessenen Erhaltungsrücklage gehört zu einer ordnungsmäßigen Verwaltung. Die Zuführungsbeträge sind im Wirtschaftsplan zwingend getrennt von den laufenden Betriebskosten auszuweisen.
A10: 2. Checkliste für den Verwaltungsbeirat & Wohnungseigentümer vor der Beschlussfassung
A11: Nr. | B11: Prüfschritt / Kontrollfrage | C11: Erläuterung & Relevanz für den Beirat | F11: Empfohlene Vorgehensweise | H11: Prüfvermerk
A12: 1 | B12: Vollständigkeit der Kostenansätze | C12: Sind alle laufenden Verträge (Versicherung, Hausmeister, Wartung, Aufzug) berücksichtigt? | F12: Prüfung gegen Konten der letzten Jahresabrechnung | H12: Geprüft
A13: 2 | B13: Ermittlung der Heizkosten | C13: Entspricht die Kostenaufteilung 30/70 bzw. 50/50 der HeizkostenV und der Abrechnung? | F13: Abgleich mit Heizkosten-Abrechnungsunternehmen | H13: Geprüft
A14: 3 | B14: Plausibilität von Preissteigerungen | C14: Wurden bekannte Preiserhöhungen (z.B. Energie, Müll, Indexanpassung Verwalter) einkalkuliert? | F14: Sicherheitszuschlag von 3-5 % bei Energie einplanen | H14: Geprüft
A15: 4 | B15: Angemessenheit Erhaltungsrücklage | C15: Reicht die Rücklagenzuführung für anstehende Sanierungen (Dach, Heizung, Fassade) aus? | F15: Sanierungsfahrplan (iSFP) oder Peterssche Formel prüfen | H15: Geprüft
A16: 5 | B16: Abstimmung Einzelpläne = Gesamtplan | C16: Stimmt die Summe aller Eigentümer-Vorschüsse exakt mit den Gesamt-Ausgabenansätzen überein? | F16: Prüfblatt 'Kontrolle & Plausibilität' kontrollieren | H16: Geprüft
A17: 6 | B17: Beschlussfähigkeit & Vorlaufzeit | C17: Wird der Wirtschaftsplan den Eigentümern mind. 2-3 Wochen vor der Versammlung übersandt? | F17: Gemeinsam mit ETV-Einladung fristgerecht versenden | H17: Geprüft
